 Dungeon Crawl Stone Soup version 0.19-a0-1187-g948eaf9 (webtiles) character file.

93519 AlphabetPasta the Ducker (level 1, -13/22 HPs)
             Began as a Troll Berserker on Aug 24, 2016.
             Was the Champion of Trog.
             Killed by the effects of Hell (35 damage)
             ... on level 7 of Gehenna.
             The game lasted 02:49:48 (33556 turns).

AlphabetPasta the Ducker (Troll Berserker)         Turns: 33556, Time: 02:49:49

Health: -13/22     AC: 17    Str: 22    XL:     1   Next: 0%
Magic:  0/0        EV:  8    Int:  3    God:    Trog [******]
Gold:   7361       SH:  0    Dex: 11    Spells: 0 memorised, 0 levels left

rFire  + + +     SeeInvis .     a - +9 halberd (venom)
rCold  . . .     Gourm    +     M - +1 fire dragon armour
rNeg   . . .     Faith    .     (shield currently unavailable)
rPois  +         Spirit   .     u - +2 hat
rElec  +         Dismiss  .     z - +2 cloak {rPois}
rCorr  .         Reflect  .     (gloves unavailable)
SustAt +         Harm     .     (boots unavailable)
MR     +....     NoTele   +     E - amulet of Xom's Whimsicality {rC+ MR+ Regen+ Str-2 Slay+4}
Stlth  ..........               p - ring of sustain attributes
                                o - ring "Elupp" {-Tele rElec rF+ Dex+2 Slay+4}

@:
A: unfitting armour, claws 3, fast metabolism 3, gourmand, regeneration 2,
shaggy fur 1, tough skin 2
a: Berserk, Trog's Hand, Brothers in Arms, Burn Spellbooks, Renounce Religion
}: 5/15 runes: decaying, serpentine, slimy, silver, golden


You were on level 7 of Gehenna.
You worshipped Trog.
Trog was exalted by your worship.
You were completely stuffed.

You visited 14 branches of the dungeon, and saw 60 of its levels.
You also visited: Ice Cave, Volcano and Wizlab.

You collected 7608 gold pieces.
You spent 247 gold pieces at shops.

Inventory:

Hand Weapons
 a - a +9 halberd of venom (weapon)
 b - the +6 longbow "Ydin" {flame, +Blink rC- rN+++ Stlth-}
   (Trog gifted it to you on level 5 of the Lair of Beasts)

   It causes projectiles fired from it to burn those they strike, causing extra
   injury to most foes and up to half again as much damage against particularly
   susceptible opponents.
   It makes you vulnerable to cold.
   It renders you almost immune to negative energy.
   It lets you blink.
   It makes you less stealthy.
Missiles
 Q - 319 arrows
 X - 13 large rocks (quivered)
Armour
 u - a +2 hat (worn)
 z - a +2 cloak of poison resistance (worn)
 M - a +1 fire dragon armour (worn)
Jewellery
 e - a +5 ring of strength
 j - the ring of Heresy {rF+ Dex+5}
   (You found it on level 5 of the Pits of Slime)

   [ring of dexterity]

   It affects your dexterity (+5).
   It protects you from fire.
 o - the ring "Elupp" (left claw) {-Tele rElec rF+ Dex+2 Slay+4}
   (You found it on level 3 of the Elven Halls)

   [ring of protection from fire]

   It affects your dexterity (+2).
   It affects your accuracy and damage with ranged weapons and melee attacks
   (+4).
   It protects you from fire.
   It insulates you from electricity.
   It prevents most forms of teleportation.
 p - a ring of sustain attributes (right claw)
 q - the ring "Asadgh" {rC+ Int+4 Stlth+}
   (You found it on level 3 of the Tomb of the Ancients)

   [ring of stealth]

   It affects your intelligence (+4).
   It protects you from cold.
   It makes you more stealthy.
 E - the amulet of Xom's Whimsicality (around neck) {rC+ MR+ Regen+ Str-2 Slay+4}
   (You found it on level 1 of the Snake Pit)

   [amulet of regeneration]

   It affects your strength (-2).
   It affects your accuracy and damage with ranged weapons and melee attacks
   (+4).
   It protects you from cold.
   It affects your resistance to hostile enchantments.
   It increases your rate of regeneration.
 J - an uncursed ring of see invisible
 V - an uncursed ring of protection from cold
 Y - an uncursed ring of flight
Wands
 B - a wand of flame (31/48)
 I - a wand of digging (11/24)
 O - a wand of heal wounds (5/9)
 P - a wand of iceblast (8/15)
 T - a wand of lightning (7/15)
 W - a wand of lightning (9/15)
Scrolls
 f - 15 scrolls of teleportation
 k - 3 scrolls of recharging
 n - 19 scrolls of remove curse
 r - 8 scrolls of magic mapping
 s - 3 scrolls of fear
 t - 2 scrolls of enchant weapon
 v - 2 scrolls of blinking
 y - 4 scrolls of summoning
 F - 3 scrolls of enchant armour
 N - 12 scrolls of identify
Potions
 g - 6 potions of ambrosia
 h - 6 potions of agility
 i - 4 potions of invisibility
 l - 9 potions of heal wounds
 m - 4 potions of resistance
 w - 18 potions of curing
 x - 7 potions of flight
 C - 3 potions of might
 G - 11 potions of haste
 K - 2 potions of cure mutation
 R - a potion of brilliance
 U - a potion of cancellation
Comestibles
 c - 29 bread rations
 d - 21 meat rations
 A - 12 beef jerkies
 D - 15 chunks of flesh
 H - 33 fruits
 L - 2 royal jellies
 S - 2 slices of pizza


   Skills:
 + Level 2.4 Fighting
 + Level 2.4 Polearms
 + Level 2.4 Dodging


You couldn't memorise any spells.
You didn't know any spells.

Dungeon Overview and Level Annotations

Branches:
Dungeon (15/15)            Temple (1/1) D:1            Lair (6/6) D:8
  Swamp (4/4) Lair:3        Snake (4/4) Lair:3        Slime (5/5) Lair:5
    Orc (2/2) D:9             Elf (3/3) Orc:2        Vaults (5/5) D:13
  Crypt (3/3) Vaults:3       Tomb (3/3) Crypt:3      Depths (1/5) D:15
   Hell (1/1)                 Dis (0/7) Hell            Geh (7/7) Hell
    Coc (0/7) Hell            Tar (0/7) Hell

Altars:
Ashenzari
Cheibriados
Dithmenos
Elyvilon
Fedhas
Gozag
Hepliaklqana
Kikubaaqudgha
Makhleb
Nemelex Xobeh
Okawaru
Pakellas
Qazlal
Ru
Sif Muna
Trog
Uskayaw
Vehumet
Xom
Yredelemnul
Zin
The Shining One
Beogh
Jiyva

Shops:
D:6 =*   Orc:2 }(=!   Elf:3 }   Vaults:3 *   Depths:1 =

Portals:
Hell: Depths:1

Annotations:
Lair:1 1 exclusion


Innate Abilities, Weirdness & Mutations

You are too large for most types of armour.
You have claws for hands.
Your metabolism is lightning-fast.
You like to eat raw meat.
You heal very quickly.
You are covered in fur. (AC +1)
You have very tough skin. (AC +2)


Message History

D - 15 chunks of flesh (gained 3)
Things that are here:
a spear; a whip
Things that are here:
a flail; a gnoll corpse x2
You now have 7102 gold pieces (gained 38).
You now have 7138 gold pieces (gained 36).
You now have 7177 gold pieces (gained 39).
You now have 7215 gold pieces (gained 38).
You now have 7251 gold pieces (gained 36).
You now have 7268 gold pieces (gained 17).
i - 4 potions of invisibility (gained 1)
You now have 7304 gold pieces (gained 36).
h - 6 potions of agility (gained 1)
You now have 7332 gold pieces (gained 28).
You now have 7361 gold pieces (gained 29).
You sense a hostile presence.
You are blasted with magical energy!
Ouch! That really hurt!
You die...

####### ######
#.....# ##....##
##)....######....$.##
.)..#......#)...@$..#
...###.....')...φ$..#
....#......#)...!$..#
##.....######...$$.##
#.....# ##....##
####### ###### ≈≈


There were no monsters in sight!

Vanquished Creatures
  5 gnoll sergeants (Vaults:5)
  781 gnolls
  The ghost of gnollmonk the Charlatan, a weakling CeAr of Fedhas (D:9)
  29 gnoll simulacra
  112 gnoll skeletons
  53 gnoll zombies
  A fire vortex (Geh:1)
  A fungus (Lair:4)
983 creatures vanquished.

Vanquished Creatures (collateral kills)
  6 gnoll sergeants
  12 gnolls
  9 gnoll zombies
  4 gnoll simulacra
  23 gnoll skeletons
54 creatures vanquished.

Vanquished Creatures (others)
  An eldritch tentacle (Geh:3)
  28 gnolls
  2 gnoll skeletons (Tomb:2)
31 creatures vanquished.

Grand Total: 1068 creatures vanquished

Notes
Turn   | Place    | Note
-------+----------+-------------------------------------------
     0 | D:1      | AlphabetPasta the Troll Berserker began the quest for the Orb.
     0 | D:1      | Reached XP level 1. HP: 22/22 MP: 0/0
   690 | D:1      | Found a staircase to the Ecumenical Temple.
   699 | Temple   | Entered the Ecumenical Temple
  2023 | D:2      | Reached ** piety under Trog
  2045 | D:2      | Found a sacrificial altar of Ru.
  2399 | D:3      | HP: 1/22 [gnoll/flail (10)]
  2798 | D:3      | Found a snail-covered altar of Cheibriados.
  2798 | D:3      | Found a bloodstained altar of Trog.
  2799 | D:3      | Found a basalt altar of Yredelemnul.
  2799 | D:3      | Found an ancient bone altar of Kikubaaqudgha.
  3847 | D:4      | Reached *** piety under Trog
  4165 | D:5      | Entered Level 5 of the Dungeon
  4271 | D:5      | Found a radiant altar of Vehumet.
  5150 | D:6      | Found Olaneil's General Store.
  5158 | D:6      | Bought a wand of flame (32/48) for 221 gold pieces
  5158 | D:6      | Bought a scroll of identify for 26 gold pieces
  5242 | D:6      | Found Taruepea's Jewellery Boutique.
  5497 | D:7      | Found a hide-covered altar of Uskayaw.
  5721 | D:7      | Reached **** piety under Trog
  6315 | D:8      | Identified a scroll of acquirement
  6316 | D:8      | Got a crude robe
  6327 | D:8      | Identified the +1 robe of the Blacksmith {rCorr Slay+3} (You acquired it on level 8 of the Dungeon)
  6345 | D:8      | Found a staircase to the Lair.
  7874 | D:9      | Noticed gnollmonk's ghost (weakling CeAr)
  7916 | D:9      | Killed gnollmonk's ghost
  8386 | D:9      | Found a staircase to the Orcish Mines.
  8470 | Lair:1   | Entered Level 1 of the Lair of Beasts
  9447 | Lair:2   | Reached ***** piety under Trog
  9872 | Lair:3   | Found a dark tunnel.
  9893 | Volcano  | Entered a volcano
 10164 | Lair:3   | Found a staircase to the Swamp.
 10261 | Lair:3   | Received a gift from Trog
 10927 | Lair:3   | Found a staircase to the Snake Pit.
 11331 | Lair:4   | Found a shattered altar of Ashenzari.
 12035 | Lair:5   | Found a runed door.
 12037 | Lair:5   | Found a viscous altar of Jiyva.
 12043 | Lair:5   | Found a staircase to the Slime Pits.
 12056 | Slime:1  | Entered Level 1 of the Pits of Slime
 12159 | Slime:5  | Entered Level 5 of the Pits of Slime
 12227 | Slime:5  | Noticed a gnoll sergeant
 12400 | Slime:5  | Killed a gnoll sergeant
 12436 | Slime:5  | Found a viscous altar of Jiyva.
 12611 | Slime:5  | Got a slimy rune of Zot
 12716 | Slime:5  | Got a serpentine ivory ring
 12756 | Slime:5  | Identified the ring of Heresy {rF+ Dex+5} (You found it on level 5 of the Pits of Slime)
 13018 | Lair:5   | Received a gift from Trog
 13027 | Lair:5   | Got a bloodstained longbow {god gift}
 13028 | Lair:5   | Identified the +6 longbow "Ydin" {flame, +Blink rC- rN+++ Stlth-} (Trog gifted it to you on level 5 of the Lair of Beasts)
 13605 | Lair:6   | Entered Level 6 of the Lair of Beasts
 14576 | Snake:1  | Entered Level 1 of the Snake Pit
 14836 | Snake:1  | Got a transparent pewter amulet
 14846 | Snake:1  | Identified the amulet of Xom's Whimsicality {rC+ MR+ Regen+ Str-2 Slay+4} (You found it on level 1 of the Snake Pit)
 16055 | Snake:3  | Received a gift from Trog
 16176 | Snake:4  | Entered Level 4 of the Snake Pit
 16900 | Snake:4  | Got a serpentine rune of Zot
 17134 | Swamp:1  | Entered Level 1 of the Swamp
 17352 | Swamp:4  | Entered Level 4 of the Swamp
 17892 | Swamp:4  | Got a decaying rune of Zot
 18401 | Orc:1    | Entered Level 1 of the Orcish Mines
 18473 | Orc:1    | Received a gift from Trog
 18498 | Orc:1    | Found a roughly hewn altar of Beogh.
 18727 | Orc:2    | Entered Level 2 of the Orcish Mines
 18727 | Orc:2    | Found a staircase to the Elven Halls.
 18771 | Orc:2    | Found a bloodstained altar of Trog.
 19056 | Orc:2    | Found a roughly hewn altar of Beogh.
 19128 | Orc:2    | Found Jyid's Distillery.
 19128 | Orc:2    | Found Yciekleu's Gadget Emporium.
 19132 | Orc:2    | Found Ikhlih Udue's Jewellery Shop.
 19132 | Orc:2    | Found Paugam's Weapon Emporium.
 19247 | Elf:1    | Entered Level 1 of the Elven Halls
 19952 | Elf:2    | Found a frozen archway.
 19965 | IceCv    | Entered an ice cave
 20360 | Elf:2    | Found a runed gate.
 20360 | Elf:2    | Found a runed gate.
 20361 | Elf:2    | Found a runed gate.
 20531 | Elf:3    | Entered Level 3 of the Elven Halls
 20684 | Elf:3    | Found Ahaiwn's Gadget Emporium.
 21047 | Elf:3    | Got a clouded amber ring
 21048 | Elf:3    | Identified the ring of Naotuamiyp {Ice *Corrode rN++ Str+4 Int+4} (You found it on level 3 of the Elven Halls)
 21124 | Elf:3    | Got a twitching pewter ring
 21139 | Elf:3    | Got a faintly glowing brass ring
 21164 | Elf:3    | Identified the ring "Elupp" {-Tele rElec rF+ Dex+2 Slay+4} (You found it on level 3 of the Elven Halls)
 21166 | Elf:3    | Identified the ring "Med Fan" {rN+ MP+9} (You found it on level 3 of the Elven Halls)
 21337 | Elf:3    | Reached ****** piety under Trog
 21566 | D:10     | Entered Level 10 of the Dungeon
 21617 | D:10     | Received a gift from Trog
 21754 | D:10     | Found a deep blue altar of Sif Muna.
 22331 | D:11     | Found a sacrificial altar of Ru.
 23054 | D:13     | Found a shimmering altar of Xom.
 23362 | D:13     | Found a gate to the Vaults.
 23388 | Vaults:1 | Entered Level 1 of the Vaults
 24184 | Vaults:2 | Received a gift from Trog
 24564 | Vaults:3 | Found Hacaas's Assorted Antiques.
 25476 | Vaults:3 | Found a staircase to the Crypt.
 25636 | Crypt:1  | Entered Level 1 of the Crypt
 26019 | Crypt:3  | Entered Level 3 of the Crypt
 26152 | Crypt:3  | Found a magical portal.
 26155 | WizLab   | Entered The Roulette of Golubria
 26157 | WizLab   | Found a corrupted altar of Lugonu.
 26267 | WizLab   | Found a corrupted altar of Lugonu.
 26323 | WizLab   | Found a corrupted altar of Lugonu.
 26464 | WizLab   | Got a steaming cloak
 26498 | WizLab   | Identified the +2 cloak of Toucif {Slay+2} (You found it in a wizard's laboratory)
 26501 | WizLab   | Got a steaming cloak
 26512 | WizLab   | Identified the cursed +0 cloak of the Iron Devil {rN+ Dex+4} (You found it in a wizard's laboratory)
 26784 | Crypt:3  | Identified a +2 rod of ignition (14/14) (You found it on level 3 of the Crypt)
 26969 | Crypt:3  | Found a staircase to the Tomb.
 26978 | Tomb:1   | Entered Level 1 of the Tomb of the Ancients
 28381 | Tomb:3   | Entered Level 3 of the Tomb of the Ancients
 28644 | Tomb:3   | Got a shimmering golden ring
 28646 | Tomb:3   | Identified the ring of Gybrydi {rN+ Stlth-} (You found it on level 3 of the Tomb of the Ancients)
 28662 | Tomb:3   | Received a gift from Trog
 28665 | Tomb:3   | Got a steaming spear
 28666 | Tomb:3   | Identified the +6 spear of Autumn {pierce, rElec rPois rN+ Dex-3} (You found it on level 3 of the Tomb of the Ancients)
 28688 | Tomb:3   | Got a crude golden ring
 28689 | Tomb:3   | Identified the ring "Asadgh" {rC+ Int+4 Stlth+} (You found it on level 3 of the Tomb of the Ancients)
 28779 | Tomb:3   | Got a golden rune of Zot
 29854 | Vaults:5 | Entered Level 5 of the Vaults
 29854 | Vaults:5 | Noticed a gnoll sergeant
 29854 | Vaults:5 | Noticed a gnoll sergeant
 29854 | Vaults:5 | Noticed a gnoll sergeant
 29854 | Vaults:5 | Noticed a gnoll sergeant
 29854 | Vaults:5 | Noticed a gnoll sergeant
 29854 | Vaults:5 | Noticed a gnoll sergeant
 29854 | Vaults:5 | Noticed a gnoll sergeant
 29854 | Vaults:5 | Noticed a gnoll sergeant
 29854 | Vaults:5 | Noticed a gnoll sergeant
 29854 | Vaults:5 | Noticed a gnoll sergeant
 29860 | Vaults:5 | Killed a gnoll sergeant
 29862 | Vaults:5 | Killed a gnoll sergeant
 29866 | Vaults:5 | Killed a gnoll sergeant
 29868 | Vaults:5 | Killed a gnoll sergeant
 29870 | Vaults:5 | Killed a gnoll sergeant
 29871 | Vaults:5 | Killed a gnoll sergeant
 29873 | Vaults:5 | Killed a gnoll sergeant
 29875 | Vaults:5 | Killed a gnoll sergeant
 29878 | Vaults:5 | Killed a gnoll sergeant
 29879 | Vaults:5 | Killed a gnoll sergeant
 30021 | Vaults:5 | Received a gift from Trog
 30025 | Vaults:5 | Identified a +4 rod of shadows (13/13) (You found it on level 5 of the Vaults)
 30515 | Vaults:5 | Received a gift from Trog
 30943 | Vaults:5 | Got a warped golden amulet
 30944 | Vaults:5 | Identified the amulet "Gimm" {Regen+ Str+2} (You found it on level 5 of the Vaults)
 31004 | Vaults:5 | Got a silver rune of Zot
 31349 | D:15     | Entered Level 15 of the Dungeon
 31382 | D:15     | Received a gift from Trog
 31854 | D:15     | Found a staircase to the Depths.
 31859 | Depths:1 | Entered Level 1 of the Depths
 31859 | Depths:1 | Found Xieli's Jewellery Shoppe.
 32031 | Depths:1 | Found a gateway to Hell.
 32041 | Hell     | Entered the Vestibule of Hell
 32192 | Hell     | Found a gateway to the Iron City of Dis.
 32225 | Hell     | Found a gateway to the freezing wastes of Cocytus.
 32290 | Hell     | Found a gateway to the decaying netherworld of Tartarus.
 32327 | Hell     | Found a gateway to the ashen valley of Gehenna.
 32393 | Hell     | Received a gift from Trog
 32417 | Geh:1    | Entered Level 1 of Gehenna
 32417 | Geh:1    | Found a gateway to Hell.
 32752 | Geh:2    | Found a gateway to Hell.
 32830 | Geh:3    | Found a gateway to Hell.
 32968 | Geh:3    | Noticed an eldritch tentacle
 32992 | Geh:3    | Killed an eldritch tentacle
 33028 | Geh:4    | Found a gateway to Hell.
 33043 | Geh:5    | Found a gateway to Hell.
 33044 | Geh:5    | Found a gateway to Hell.
 33169 | Geh:6    | Found a gateway to Hell.
 33199 | Geh:7    | Entered Level 7 of Gehenna
 33199 | Geh:7    | Found a gateway to Hell.
 33199 | Geh:7    | Found a gateway to Hell.
 33199 | Geh:7    | Found a gateway to Hell.
 33199 | Geh:7    | Found a gateway to Hell.
 33330 | Geh:7    | Received a gift from Trog
 33556 | Geh:7    | Killed by the effects of Hell

Vault maps used:
D:1:      mrwooster_arrival_statue, serial_glass, glass_columns_b,
          glass_columns_a
D:2:      first_bread, nicolae_ru_awakened_eye
D:3:      grunt_temple_overflow_cloverleaf
D:5:      vehumet_altar_wand_db
D:6:      minmay_flawed_box, serial_shops, kennysheep_mini_moat, shop,
          serial_corexii_hall, corexii_hall_statues_l,
          corexii_hall_statues_deadend, corexii_hall_statues_t,
          corexii_hall_statues_t
D:7:      basic_altar, grunt_ogre_cave
D:8:      minmay_lair_entry_grove, guppyfry_early_elven_hall
D:9:      orc_0_dummy
D:10:     basic_altar
D:11:     basic_altar, hive_lemuel
D:13:     david_vaults_2, xom_teletrap_fun
D:14:     eino_small_chamber_without_monster, sword_in_stone
D:15:     hangedman_depths_entry_try_elsewhere_first
Temple:   eino_narrow_crystal_temple
Lair:1:   minmay_holes
Lair:2:   disabler_island
Lair:3:   swamp_mist_pool, minmay_snake_entry_guardpost_medium,
          nicolae_volcano_entry_hallway
Lair:4:   basic_altar
Lair:5:   slime_altar_2, infiniplex_staircase_pool_2
Lair:6:   gammafunk_lair_ancient_temple
Swamp:1:  serial_swamp_ruin, evilmike_swamp_ruin_house_4,
          evilmike_swamp_ruin_house_6
Swamp:2:  evilmike_swamp_ruin_house_1, infiniplex_staircase_pool
Swamp:3:  evilmike_swamp_ruin_rubble_2
Swamp:4:  swamp_old_school
Snake:1:  serial_bayou_pond_e
Snake:2:  basic_stair_grate_trap
Snake:4:  johnstein_snake_rune_scales
Orc:1:    basic_altar, mumra_transporter_accident
Orc:2:    grunt_orc_tribal_feast, hangedman_feature_mirror, abandoned_shop
Elf:1:    minmay_elf_arrival_plus, grunt_megastairs_4
Elf:2:    portal_ice_cave_entry_ugly_swarm
Elf:3:    elf_hall_gauntlet_narrow, serial_shops, shop, roderic_roman_lattice
Vaults:1: vaults_dpeg_ring, v_misc_22, nicolae_vaults_arrows,
          nicolae_vaults_murderbox, ontoclasm_vaults_claustrophobia,
          vaults_room_corners, hangedman_vaults_locks,
          nicolae_vaults_circle_grid_b, nicolae_vaults_little_squares_3,
          vaults_room_grid, nicolae_vaults_theta,
          ontoclasm_vaults_loading_screen
Vaults:2: vaults_dpeg_hooks, v_alt_pattern_3, vaults_dpeg_cross,
          nicolae_vaults_network_periphery, hangedman_vaults_unwind,
          nicolae_vaults_network_star, vaults_mumra_hex
Vaults:3: minmay_crypt_entry_simple_statues, nicolae_vaults_ring_of_whatevers,
          v_misc_12, v_misc_5, nicolae_vaults_big_ls,
          nicolae_vaults_little_squares_4, hangedman_vaults_capsules, v_misc_26,
          ontoclasm_vaults_decontamination, serial_shops, shop
Vaults:4: grunt_vaults_trifunnel, vaults_mumra_bighexcomb,
          ontoclasm_vaults_chip, hangedman_vaults_trim, hangedman_vaults_trim,
          vaults_room_pools, v_misc_15, v_misc_28, v_misc_11, v_misc_17,
          ontoclasm_vaults_pinch, serial_shops, shop
Vaults:5: serial_shops
Crypt:1:  lemuel_upstairs_altar
Crypt:3:  david_glass_crypt, mu_enter_wizlab_7
Depths:1: serial_shops, shop, enter_trove_3, hell_entry, minmay_crystal_box,
          roderic_lattice_octagonal_star, firewood_loft, grunt_megastairs_2
Geh:1:    lemuel_old_faithful
Geh:3:    grunt_megastairs_1
Geh:4:    lemuel_flamethrower_2
Geh:5:    special_room, nicolae_geh_fiery_graves
Geh:7:    evilmike_geh
IceCv:    ice_cave_caverns_02
Volcano:  volcano_bunker
WizLab:   wizlab_golubria

Action                   || total
-------------------------++-------
Melee: Halberd           ||   931
       Spear             ||   169
 Fire: Longbow           ||   656
Throw: Javelin           ||    59
       Large rock        ||    23
       Throwing net      ||     1
Invok: Berserk           ||    27
       Burn Spellbooks   ||    20
       Brothers in Arms  ||     4
       Trog's Hand       ||     1
Evoke: Wand              ||     5
  Use: Scroll            ||    64
       Potion            ||    12
 Stab: Sleeping          ||    12
       Invisible         ||     4
       Distracted        ||     1
  Eat: Chunk             ||     6
Armor: Fire dragon armou ||   161
       Robe              ||    50
       Animal skin       ||    38
Dodge: Dodged            ||   365
